 Dungeon Crawl Stone Soup version 0.30-a0-354-g6b83867211 (webtiles) character file.

Game seed: 17948356596767860552

17 Maxmaps the Trooper (level 2, -3/24 HPs)
             Began as a Demonspawn Gladiator on Nov 7, 2022.
             Succumbed to Jessica's poison
             ... on level 2 of the Dungeon.
             The game lasted 00:01:25 (966 turns).

Maxmaps the Trooper (Demonspawn Gladiator)           Turns: 966, Time: 00:01:25

Health: -3/24      AC:  9    Str: 14    XL:     2   Next: 44%
Magic:  2/2        EV:  9    Int:  9    God:
Gold:   64         SH:  3    Dex: 14    Spells: 1/1 levels left

rFire   . . .      SeeInvis .    a - +0 trident
rCold   . . .      Faith    .    h - +0 buckler
rNeg    . . .      Spirit   .    f - +0 scale mail
rPois   .          Reflect  .    c - +0 helmet
rElec   .          Harm     .    (no cloak)
rCorr   .          Rampage  .    (no gloves)
Will    .....                    (no boots)
Stlth   ..........               (no amulet)
HPRegen 0.24/turn                (no ring)
MPRegen 0.08/turn                (no ring)

@: lethally poisoned (-3 -> -23)
A: yellow scales 1
a: no special abilities


You were on level 2 of the Dungeon.
You visited 1 branch of the dungeon, and saw 2 of its levels.

You collected 64 gold pieces.

Inventory:

Hand Weapons
 a - a +0 trident (weapon)
Missiles
 d - 3 throwing nets (quivered)
 e - a javelin
Armour
 b - a +0 leather armour
 c - a +0 helmet (worn)
 f - a +0 scale mail (worn)
 h - a +0 buckler (worn)
Scrolls
 g - a scroll of enchant weapon
 i - a scroll of fear
 k - a scroll of magic mapping
 l - a scroll of immolation
Potions
 j - a potion of resistance


   Skills:
 - Level 3.1 Fighting
 - Level 2.6 Polearms
 - Level 1.7 Throwing
 - Level 2.6 Dodging


You had one spell level left.
You didn't know any spells.
Your spell library was empty.

Dungeon Overview and Level Annotations

Branches:
Dungeon (2/15)

Altars:


Innate Abilities, Weirdness & Mutations

You are partially covered in yellow scales. (AC +2)


Message History

You continue putting on your +0 buckler. x4
You finish putting on your +0 buckler.
There is an open door here.
There is an open door here.
There is an open door here.
You see here a +0 spear.
Found an escape hatch in the floor.
You open the door.
Jessica the Apprentice Sorceress comes into view.
She is wielding a +1 dagger of venom.
Jessica shouts!
Jessica is nearby!
Jessica gestures wildly while chanting.
Jessica blinks!
You reach to attack!
You closely miss Jessica. You hit Jessica.
Jessica is severely wounded.
Jessica hits you but does no damage.
You are poisoned.
You closely miss Jessica.
Jessica is severely wounded.
You feel very sick.
Jessica hits you with a +1 dagger of venom.
You are lethally poisoned!
Jessica hits you but does no damage.
You are more poisoned.
You hit Jessica but do no damage.
Jessica is severely wounded.
You feel extremely sick.
Jessica hits you with a +1 dagger of venom.
You are more poisoned.
Okay, then.
You hit Jessica but do no damage.
Jessica is severely wounded.
* * * LOW HITPOINT WARNING * * *
You feel extremely sick. Jessica barely misses you.
Unknown command.
You hit Jessica.
You kill Jessica!
You die...

#.........#'##
#......<..#.#
#.........#.#######
#....^....#.##....#
#.........#.##....#
#########.#.##....#
##.#.##....#
#..#.##.)..#
#.##.##.@..#
#.##.##....#
#.##'##....##
#...........#
#....>......#
#...........#
#...........#
#...........#
#...........#


There were no monsters in sight!

Vanquished Creatures
  Jessica (D:2)
  2 bats
  An endoplasm (D:1)
  A giant cockroach (D:1)
  4 goblins
  2 hobgoblins (D:1)
  2 kobolds
  2 rats (D:2)
15 creatures vanquished.

Notes
Turn   | Place    | Note
-------+----------+-------------------------------------------
     0 | D:1      | Maxmaps the Demonspawn Gladiator began the quest for the
                  | Orb.
     0 | D:1      | Reached XP level 1. HP: 16/16 MP: 1/1
   102 | D:1      | Found a faded altar of an unknown god.
   346 | D:1      | Gained mutation: You are partially covered in yellow
                  | scales. (AC +2) [demonic ancestry]
   346 | D:1      | Reached XP level 2. HP: 23/23 MP: 2/2
   744 | D:2      | Reached skill level 3 in Fighting
   957 | D:2      | Noticed Jessica
   965 | D:2      | HP: 1/24 [poisoned by Jessica]
   966 | D:2      | Killed Jessica
   966 | D:2      | Succumbed to Jessica's poison

Illustrated notes

Levels and vault maps discovered:
D:1:      kennysheep_arrival_seaside, layout_basic, basic_ecumenical_altar,
          corexii_corridor_pit
D:2:      cheibrodos_old_hovel, layout_basic, uniq_jessica

Skill      XL: |  1  2 |
---------------+-------+-----
Fighting       | 3 |  3.1
Polearms       | |  2.6
Throwing       | |  1.7
Dodging        | |  2.6

Action                   || total
-------------------------++-------
Melee: Trident           ||    49
       Punch             ||     1
  Use: Scroll            ||     5
Armor: Scale mail        ||    13
       Leather armour    ||     3
Dodge: Dodged            ||    20

Table legend: (Time is in decaauts)
 A = Elapsed time spent in this place.
 B = Non-inter-level travel time spent in this place.
 C = Inter-level travel time spent in this place.
 D = Time resting spent in this place.
 E = Time spent auto-exploring this place.
 F = Levels seen in this place.
 G = Mean time per level.
                   A        B        C        D        E       F      G
               +--------+--------+--------+--------+--------+-----+--------+
         Total |    978 |    932 |     46 |      0 |    791 |   2 |  489.0 |
       Dungeon |    978 |    932 |     46 |      0 |    791 |   2 |  489.0 |
               +--------+--------+--------+--------+--------+-----+--------+

Top non-repeatable levels by time:
     D:1: 719 daAuts
     D:2: 259 daAuts
